 Dungeon Crawl Stone Soup version 0.27-a0-1116-g91b3acb402 (webtiles) character file.

Game seed: 5610224333652726

35439 Demosthentine the Impaler (level 13, -17/109 HPs)
             Began as a Merfolk Gladiator on May 2, 2021.
             Was an Elder of the Shining One.
             Demolished by a freezing wraith (19 damage)
             ... led by a death knight
             ... on level 14 of the Dungeon.
             The game lasted 00:20:02 (16765 turns).

Demosthentine the Impaler (Merfolk Gladiator)      Turns: 16765, Time: 00:20:02

Health: -17/109    AC:  9    Str: 16    XL:     13   Next: 83%
Magic:  19/19      EV: 24    Int:  9    God:    the Shining One [****..]
Gold:   606        SH:  5    Dex: 17    Spells: 12/12 levels left

rFire    . . .     SeeInvis .   K - +2 trident of the Poles {freeze, rN++}
rCold    . . .     Faith    .   j - +0 buckler
rNeg     + + +     Spirit   .   b - +0 leather armour
rPois    +         Reflect  .   c - +0 helmet
rElec    .         Harm     .   q - +1 cloak {rCorr}
rCorr    +         Rampage  .   y - +0 pair of gloves
Will     .....                  O - +0 pair of boots
Stlth    +.........             v - amulet of regeneration
HPRegen  1.28/turn              g - +4 ring of evasion
MPRegen  0.16/turn              D - ring of poison resistance

@: glowing
A: (nimble swimmer 2), mertail
a: Renounce Religion, Divine Shield, Cleansing Flame


You were on level 14 of the Dungeon.
You worshipped the Shining One.
The Shining One was greatly pleased with you.
You visited 2 branches of the dungeon, and saw 16 of its levels.
You also visited: Ossuary.

You collected 907 gold pieces.
You spent 301 gold pieces at shops.

Inventory:

Hand Weapons
 i - the +7 mace of Variability {chain chaos}
   (You took it off a hobgoblin on level 4 of the Dungeon)

   Each time it hits an enemy it has a different, random effect.
   The Shining One disapproves of the use of such an item.
 K - the +2 trident of the Poles (weapon) {freeze, rN++}
   (You bought it in a shop on level 6 of the Dungeon)

   It has been specially enchanted to freeze those struck by it, causing extra
   injury to most foes and up to half again as much damage against particularly
   susceptible opponents.
   It can also slow down cold-blooded creatures.
   It greatly protects you from negative energy.
Missiles
 C - 9 curare-tipped darts (quivered)
Armour
 b - a +0 leather armour (worn)
 c - a +0 helmet (worn)
 j - a +0 buckler (worn)
 q - a +1 cloak of preservation (worn)
 y - a +0 pair of gloves (worn)
 O - a +0 pair of boots (worn)
Jewellery
 a - a +6 ring of strength
 d - an amulet of the acrobat
 g - a +4 ring of evasion (left hand)
 p - a +6 ring of strength
 v - an amulet of regeneration (around neck)
 D - a ring of poison resistance (right hand)
 J - a ring of wizardry
Wands
 m - a wand of charming (9)
 t - a wand of paralysis (10)
 A - a wand of iceblast (12)
 G - a wand of polymorph (7)
 N - a wand of flame (13)
Scrolls
 f - 6 scrolls of enchant armour
 h - 2 scrolls of enchant weapon
 k - 7 scrolls of teleportation
 u - 7 scrolls of blinking
 E - 5 scrolls of amnesia
 I - a scroll of holy word
 L - 2 scrolls of silence
 M - 3 scrolls of identify
Potions
 e - 7 potions of curing
 l - 6 potions of attraction
 n - 2 potions of might
 o - 3 potions of brilliance
 r - 5 potions of lignification
 s - 2 potions of cancellation
 w - 4 potions of flight
 x - 3 potions of magic
 z - 2 potions of mutation
 B - a potion of berserk rage
 F - 2 potions of haste
 H - a potion of invisibility


   Skills:
 + Level 12.7 Fighting
 + Level 15.9 Polearms
 - Level 2.0 Throwing
 - Level 6.2 Armour
 + Level 14.8 Dodging
 - Level 4.0 Shields
 + Level 8.9 Invocations


You had 12 spell levels left.
You didn't know any spells.
Your spell library contained the following spells:

 Spells                   Type           Power      Damage    Failure   Level
 Freeze                   Ice            0%         1d3       43%         1
 Magic Dart               Conj           0%         1d3       43%         1
 Blink                    Tloc           N/A        N/A       58%         2
 Call Imp                 Summ           0%         N/A       58%         2
 Slow                     Hex            0%         N/A       58%         2
 Conjure Flame            Conj/Fire      0%         6-21      82%         3
 Frozen Ramparts          Ice            0%         1d2       82%         3
 Mephitic Cloud           Conj/Pois/Air  0%         N/A       82%         3
 Ozocubu's Armour         Ice            0%         N/A       82%         3
 Animate Armour           Summ/Erth      0%         N/A       99%         4
 Hailstorm                Conj/Ice       0%         3d3       99%         4
 Leda's Liquefaction      Hex/Erth       0%         N/A       99%         4
 Bolt of Magma            Conj/Fire/Erth 0%         4d4       100%        5
 Metabolic Englaciation   Hex/Ice        0%         N/A       100%        5
 Iron Shot                Conj/Erth      0%         9d1       100%        6
 Statue Form              Tmut/Erth      0%         N/A       100%        6
 Shatter                  Erth           0%         3d5*      100%        9


Dungeon Overview and Level Annotations

Branches:
Dungeon (15/15)            Temple (1/1) D:6            Lair (0/6) D:9
    Orc (0/2) D:9          Vaults (0/5) D:14        Ossuary (visited)
 Depths: D:15

Altars:
Ashenzari
Cheibriados
Dithmenos
Elyvilon
Fedhas
Gozag
Hepliaklqana
Kikubaaqudgha
Makhleb
Nemelex Xobeh
Okawaru
Qazlal
Ru
Sif Muna
Trog
Uskayaw
Vehumet
Wu Jian
Xom
Yredelemnul
Zin
The Shining One

Shops:
D:4 *   D:6 *=*:(   D:11 =*   D:12 *


Innate Abilities, Weirdness & Mutations

((You are quick and stealthy near water. (Stealth+, EV+, Speed+++)))
Your lower body shifts to a powerful aquatic tail in water.


Message History

You are too injured to fight recklessly!
You are too injured to fight recklessly!
You are too injured to fight recklessly!
You are too injured to fight recklessly!
You are too injured to fight recklessly!
You are too injured to fight recklessly!
You are too injured to fight recklessly!
You are too injured to fight recklessly!
You are too injured to fight recklessly!
You hit the freezing wraith.
The freezing wraith is moderately damaged.
The freezing wraith closely misses you. The freezing wraith barely misses you.
You hit the freezing wraith but do no damage.
The freezing wraith is moderately damaged.
You hit the freezing wraith.
The freezing wraith is heavily damaged.
The freezing wraith hits you! The freezing wraith freezes you!!
* * * LOW HITPOINT WARNING * * *
The freezing wraith completely misses you.
You puncture the freezing wraith!
The freezing wraith is severely damaged.
You puncture the freezing wraith!
The freezing wraith is almost destroyed.
The freezing wraith hits you but does no damage.
You block the freezing wraith's attack.
Okay, then.
You hit the freezing wraith but do no damage.
The freezing wraith is almost destroyed.
The freezing wraith completely misses you.
The freezing wraith hits you!
* * * LOW HITPOINT WARNING * * *
You hit the freezing wraith but do no damage.
The freezing wraith is almost destroyed.
Unknown command.
You hit the freezing wraith but do no damage.
The freezing wraith is almost destroyed.
The freezing wraith hits you.
* * * LOW HITPOINT WARNING * * *
The freezing wraith freezes you!!
You die...

.#
#......#
.#
######.#
.## #.##
..# #..#
#.# ##.#
#.# #.#
#.# #.#
#.# #W#
#.# #@#
#.# #.#
..# #.#
### #.#
#.# #.#
#.# #.#
#.#


You could see a freezing wraith.

Vanquished Creatures
  Josephine (D:10)
  3 boulder beetles
  An ogre mage (D:14)
  6 two-headed ogres
  2 centaur warriors
  A tengu warrior (D:14)
  Sonja (D:11)
  3 wizards
  2 deep elf pyromancers
  8 ugly things
  The ghost of RemovedPizza the Martial Artist, a novice DjTm of Hepliaklqana (D:6)
  6 cyclopes
  2 centaur zombies
  4 gargoyles
  An unseen horror (D:12)
  2 kobold demonologists
  2 tengu conjurers (D:14)
  6 meliai (D:15)
  16 slime creatures
  A hornet (D:8)
  A meliai zombie (D:11)
  Sigmund (D:6)
  A centaur simulacrum (D:14)
  A wyvern (D:11)
  24 yaks
  5 wraiths
  2 basilisks
  6 vampire mosquitoes
  2 acid dragons
  2 water moccasins
  5 orc warriors (D:9)
  A swamp drake (D:9)
  A sky beast (D:7)
  A black bear (D:6)
  4 ogres
  A centaur (D:13)
  A kobold brigand (D:9)
  Blork the orc (D:6)
  3 bullfrogs
  5 scorpions
  2 wyvern zombies (D:5)
  A water moccasin skeleton (D:6)
  6 killer bees (D:9)
  9 wights
  5 howler monkeys
  A bullfrog zombie (D:5)
  2 jellies
  Crazy Yiuf (D:2)
  4 hounds
  8 orc priests
  Jessica (D:3)
  A bullfrog skeleton (D:6)
  2 human zombies (Ossuary)
  2 iguanas (D:6)
  11 orc wizards
  2 killer bee zombies
  A hound skeleton (D:4)
  4 mummies (Ossuary)
  A howler monkey zombie (D:7)
  4 gnolls
  7 adders
  2 shadow imps
  2 ufetubi
  An adder zombie (Ossuary)
  2 adder skeletons (D:4)
  A worm (D:2)
  4 dart slugs
  46 orcs
  7 bats
  2 endoplasms
  5 giant cockroaches
  5 goblins
  7 hobgoblins
  3 jackals (D:4)
  9 kobolds
  5 quokkas
  7 ball pythons
  3 frilled lizards (D:3)
  A goblin zombie (Ossuary)
  A hobgoblin zombie (Ossuary)
  A jackal skeleton (D:4)
  3 kobold zombies (Ossuary)
  3 orc zombies (Ossuary)
  5 rats
  A rat zombie (Ossuary)
338 creatures vanquished.

Vanquished Creatures (others)
  A deep elf pyromancer (D:13)
  3 plants
4 creatures vanquished.

Grand Total: 342 creatures vanquished

Notes
Turn   | Place    | Note
-------+----------+-------------------------------------------
     0 | D:1      | Demosthentine the Merfolk Gladiator began the quest for the
                  | Orb.
     0 | D:1      | Reached XP level 1. HP: 16/16 MP: 1/1
   187 | D:1      | Reached XP level 2. HP: 23/23 MP: 2/2
   290 | D:1      | Reached XP level 3. HP: 26/28 MP: 3/3
   616 | D:2      | Reached skill level 5 in Polearms
   733 | D:2      | You fall into a shaft and drop 2 floors!
   742 | D:4      | Noticed a scorpion
   770 | D:4      | Killed a scorpion
   771 | D:4      | Reached skill level 1 in Armour
   771 | D:4      | Reached XP level 4. HP: 27/35 MP: 4/4
   775 | D:4      | Reached skill level 5 in Dodging
   775 | D:4      | Reached XP level 5. HP: 30/41 MP: 5/5
  1357 | D:4      | Found Zuosy's Elemental Accessories.
  1371 | D:4      | Noticed an ogre
  1382 | D:4      | Killed an ogre
  1383 | D:4      | Reached skill level 6 in Polearms
  1383 | D:4      | Reached XP level 6. HP: 48/48 MP: 6/6
  2183 | D:2      | Found a faded altar of an unknown god.
  2220 | D:2      | Found a runed translucent door.
  2221 | D:2      | Noticed Crazy Yiuf
  2443 | D:2      | Killed Crazy Yiuf
  2976 | D:3      | Noticed Jessica
  2981 | D:3      | Killed Jessica
  3010 | D:3      | Identified Jessica's Handbook of Dislocation
  3043 | D:4      | Found an ornate altar of the Wu Jian Council.
  3298 | D:5      | Entered Level 5 of the Dungeon
  3324 | D:5      | Reached XP level 7. HP: 45/55 MP: 7/7
  3661 | D:4      | Reached skill level 1 in Shields
  3976 | D:5      | Reached skill level 7 in Polearms
  4541 | D:5      | Reached skill level 5 in Fighting
  4543 | D:5      | Reached XP level 8. HP: 60/62 MP: 8/8
  4926 | D:5      | Found a blossoming altar of Fedhas.
  5216 | D:6      | Reached skill level 8 in Polearms
  5555 | D:6      | Found Zuqataga's General Store.
  5557 | D:6      | Found a radiant altar of Vehumet.
  5560 | D:6      | Found a shadowy altar of Dithmenos.
  5630 | D:6      | Found a basalt altar of Yredelemnul.
  5747 | D:6      | Found Eciomavi's Assorted Antiques.
  5753 | D:6      | Bought a scroll labelled FYVEVV XIRUBE for 29 gold pieces
  5753 | D:6      | Bought a fuming sapphire potion for 26 gold pieces
  5785 | D:6      | Found Joalusor's Book Emporium.
  5785 | D:6      | Noticed Sigmund
  5791 | D:6      | Killed Sigmund
  5866 | D:6      | Found Fuloj's Weapon Shoppe.
  5871 | D:6      | Noticed Blork the orc
  5873 | D:6      | You fall into a shaft and drop 3 floors!
  5895 | D:9      | Reached XP level 9. HP: 34/69 MP: 9/9
  6206 | D:9      | Found a shimmering blue altar of Sif Muna.
  6276 | D:9      | Noticed a two-headed ogre
  6284 | D:9      | Killed a two-headed ogre
  6285 | D:9      | Reached skill level 9 in Polearms
  6585 | D:9      | Found a staircase to the Lair.
  6608 | D:9      | Noticed a two-headed ogre
  6659 | D:9      | Killed a two-headed ogre
  6660 | D:9      | Reached skill level 10 in Polearms
  6667 | D:9      | Reached XP level 10. HP: 45/80 MP: 10/10
  7496 | D:8      | Reached skill level 5 in Armour
  7530 | D:8      | Found a sand-covered staircase.
  7536 | Ossuary  | Entered an ossuary
  8062 | D:6      | Killed Blork the orc
  8158 | D:6      | Found a staircase to the Ecumenical Temple.
  8177 | Temple   | Entered the Ecumenical Temple
  8246 | Temple   | Became a worshipper of the Shining One
  8290 | D:6      | Found Cicwo's Jewellery Boutique.
  8297 | D:6      | Reached skill level 10 in Dodging
  8448 | D:6      | Found a runed translucent door.
  8450 | D:6      | Noticed RemovedPizza's ghost (novice DjTm)
  8786 | D:6      | Killed RemovedPizza's ghost
  8787 | D:6      | Reached skill level 11 in Polearms
  9044 | D:7      | Found an ancient bone altar of Kikubaaqudgha.
 10167 | D:9      | Reached XP level 11. HP: 88/89 MP: 11/11
 10184 | D:9      | Found a staircase to the Orcish Mines.
 10479 | D:9      | Reached * piety under the Shining One
 10585 | D:10     | Entered Level 10 of the Dungeon
 10625 | D:10     | Reached skill level 12 in Polearms
 10644 | D:10     | Found a burning altar of Makhleb.
 10645 | D:10     | Found a white marble altar of Elyvilon.
 10675 | D:10     | Noticed a two-headed ogre
 10726 | D:10     | HP: 1/89 [two-headed ogre/+0 giant spiked club (30)]
 10728 | D:10     | Killed a two-headed ogre
 10831 | D:10     | Reached skill level 1 in Invocations
 11085 | D:10     | Reached skill level 10 in Fighting
 11405 | D:10     | Noticed Josephine
 11410 | D:10     | Reached ** piety under the Shining One
 11424 | D:10     | Killed Josephine
 11689 | D:11     | Found Roqewan's Jewellery Shop.
 11845 | D:11     | Reached skill level 13 in Polearms
 11906 | D:11     | Found Ybluket's Mass Market.
 12081 | D:11     | Noticed Sonja
 12091 | D:11     | Killed Sonja
 12135 | D:11     | Reached XP level 12. HP: 56/98 MP: 15/15
 12388 | D:11     | Noticed a boulder beetle
 12453 | D:11     | Killed a boulder beetle
 12596 | D:11     | Noticed a soul eater
 12779 | D:12     | Noticed a two-headed ogre
 12796 | D:11     | Reached skill level 5 in Invocations
 12805 | D:12     | Killed a two-headed ogre
 13006 | D:12     | Reached skill level 14 in Polearms
 13153 | D:12     | Found Ipsi's General Store.
 13316 | D:6      | Bought a polished trident for 246 gold pieces
 13316 | D:6      | Identified the +2 trident of the Poles {freeze, rN++} (You
                  | bought it in a shop on level 6 of the Dungeon)
 13869 | D:12     | Found a stormy altar of Qazlal.
 14276 | D:13     | Reached *** piety under the Shining One
 14530 | D:13     | Reached XP level 13. HP: 90/107 MP: 18/18
 14892 | D:14     | Found a gate to the Vaults.
 14906 | D:14     | Reached skill level 15 in Polearms
 15976 | D:15     | Entered Level 15 of the Dungeon
 15977 | D:15     | Reached **** piety under the Shining One
 16765 | D:14     | HP: 2/109 [freezing wraith[a death knight] (6)]
 16765 | D:14     | Demolished by a freezing wraith

Illustrated notes

Levels and vault maps discovered:
D:1:      ncdulo_watergridlock, layout_rooms, kennysheep_boxes
D:2:      layout_loops_corners, basic_ecumenical_altar, uniq_crazy_yiuf_cottage
D:3:      cheibrodos_old_hovel, layout_rooms, st_stairs_7,
          minmay_misc_feat_roman, kennysheep_jessica_study, uniq_jessica
D:4:      layout_rooms, kennysheep_mini, skrybe_limestone_x,
          nicolae_elemental_shop, grunt_ministairs_5, minmay_close_crescents
D:5:      layout_loops_ring, fedhas_altar_2, kennysheep_generic_room_9
D:6:      layout_loops_ring, kennysheep_mini_moat,
          nicolae_overflow_hidden_temple, temple_pool_b, ebering_ghost_sewer_d,
          serial_shops, nicolae_shop_crystal, shop, shop, kennysheep_little_box,
          nicolae_shop_waterfront, kennysheep_small_square, uniq_blork_the_orc,
          uniq_sigmund
D:7:      layout_cave_pools, lemuel_tele_altar
D:8:      layout_layer_cave, nicolae_ossuary_entry_plus, chequers_jeans
D:9:      layout_irregular_city, lemuel_crystal_altar, lair_entry_dummy,
          erik_orc_1
D:10:     layout_basic, grunt_temple_overflow_open, uniq_josephine
D:11:     layout_basic, serial_shops, nicolae_shop_crystal, kennysheep_donut,
          minmay_misc_feat_doors, minmay_shop_mass, uniq_sonja
D:12:     layout_irregular_city, serial_shops, shop,
          nicolae_qazlal_scattered_showers
D:13:     layout_long_grid, minmay_misc_feat_tower
D:14:     layout_loops_ring, david_vaults_2, onia_ninara_dug_in_and_dangerous
D:15:     grunt_enter_depths_snipers, layout_irregular_city,
          grunt_decor_junction
Temple:   cyrus_circular_temple

Skill      XL: |  1  2  3  4  5  6  7  8  9 10 11 12 13 |
---------------+----------------------------------------+-----
Polearms       | 5 6 7 8 10 11 13 14 15 | 15.9
Fighting       | 3 4 5 6 7 9 10 11 12 | 12.7
Armour         | 1 2 3 4 5 6 |  6.2
Dodging        | 5 6 7 9 10 12 13 14 | 14.8
Shields        | 2 3 4 |  4.0
Invocations    | 4 7 8 |  8.9
Throwing       | |  2.0

Action                   |  1- 3 |  4- 6 |  7- 9 | 10-12 | 13-15 || total
-------------------------+-------+-------+-------+-------+-------++-------
Melee: Trident           |    95 |   194 |   294 |  1235 |   319 ||  2137
       Tailslap          |       |       |       |       |     6 ||     6
Throw: Throwing net      |     1 |     5 |     1 |       |       ||     7
       Dart              |       |       |       |       |     1 ||     1
  Use: Scroll            |     2 |    10 |     3 |     9 |     2 ||    26
       Potion            |       |     1 |     5 |     5 |     1 ||    12
 Stab: Sleeping          |     1 |     1 |     3 |       |       ||     5
       Held in net/web   |       |     2 |     1 |       |       ||     3
Armor: Leather armour    |    24 |    27 |    19 |   107 |    27 ||   204
       Skin              |       |       |    31 |     8 |       ||    39
Dodge: Dodged            |    62 |   100 |   186 |   613 |   155 ||  1116
Block: Buckler           |       |       |     9 |   174 |    46 ||   229

Table legend: (Time is in decaauts)
 A = Elapsed time spent in this place.
 B = Non-inter-level travel time spent in this place.
 C = Inter-level travel time spent in this place.
 D = Time resting spent in this place.
 E = Time spent auto-exploring this place.
 F = Levels seen in this place.
 G = Mean time per level.
                   A        B        C        D        E       F      G
               +--------+--------+--------+--------+--------+-----+--------+
         Total |  16216 |  15532 |    684 |   2581 |   9980 |  17 |  953.9 |
       Dungeon |  15874 |  15191 |    683 |   2581 |   9761 |  15 | 1058.3 |
        Temple |     82 |     82 |      0 |      0 |     58 |   1 |   82.0 |
       Ossuary |    259 |    259 |      0 |      0 |    161 |   1 |  259.0 |
               +--------+--------+--------+--------+--------+-----+--------+

Top non-repeatable levels by time:
     D:9: 1980 daAuts
     D:5: 1458 daAuts
     D:4: 1431 daAuts
     D:6: 1426 daAuts
     D:2: 1154 daAuts
    D:11: 1107 daAuts
     D:8: 1050 daAuts
    D:10: 1023 daAuts
    D:14: 983 daAuts
    D:12: 913 daAuts
    D:13: 899 daAuts
    D:15: 706 daAuts
     D:1: 582 daAuts
     D:7: 580 daAuts
     D:3: 575 daAuts
